 Dungeon Crawl Stone Soup version 0.21.1-1-g345015f (webtiles) character file.

395 kae the Insei (level 6, -6/41 HPs)
             Began as an Octopode Transmuter on June 14, 2018.
             Killed from afar by an orc wizard (10 damage)
             ... with a magic dart
             ... on level 3 of the Dungeon.
             The game lasted 00:03:37 (4031 turns).

kae the Insei (Octopode Transmuter)                 Turns: 4031, Time: 00:03:38

Health: -6/41      AC:  1    Str:  6 (9)  XL:     6   Next: 82%
Magic:  10/10      EV: 20    Int: 14 (16) God:
Gold:   148        SH:  0    Dex: 16 (19) Spells: 5/11 levels left

rFire    . . .     SeeInvis .   f - +2 hand axe (chop)
rCold    . . .     Gourm    .   (no shield)
rNeg     . . .     Faith    .   (helmet restricted)
rPois    +         Spirit   .   (no amulet)
rElec    .         Reflect  .   j - -2 ring of strength (curse)
rCorr    .         Harm     .   (no ring)
MR       .....                  (no ring)
Stlth    +++.......             (no ring)
HPRegen  0.13/turn              (no ring)
MPRegen  0.12/turn              (no ring)
                                (no ring)
                                (no ring)

@: agile, about to teleport, flying, very slightly contaminated, slowed, very
slow
A: almost no armour, stealthy swim, amphibious, 8 rings, constrict 8, tentacle
spike 1, camouflage 1, poison resistance, strong 1, gelatinous body 1
a: no special abilities


You were on level 3 of the Dungeon.
You were not hungry.

You visited 1 branch of the dungeon, and saw 4 of its levels.

You collected 148 gold pieces.

Inventory:

Hand Weapons
 f - a +2 hand axe of chopping (weapon)
Missiles
 a - 64 arrows
Jewellery
 j - a cursed -2 ring of strength (left tentacle)
Scrolls
 d - 3 scrolls of remove curse
 e - 2 scrolls of identify
 h - a scroll of amnesia {unknown}
 n - a scroll of magic mapping {unknown}
 o - a scroll of enchant weapon {unknown}
Potions
 l - a potion of magic
Books
 b - a book of Changes

   Spells                             Type                      Level
   a - Beastly Appendage              Transmutation                1
   b - Sticks to Snakes               Transmutation                2
   c - Spider Form                    Transmutation/Poison         3
   d - Ice Form                       Ice/Transmutation            4
   e - Blade Hands                    Transmutation                5
Comestibles
 c - 6 rations


   Skills:
 + Level 2.7 Fighting
 + Level 3.2 Dodging
 * Level 4.9 Unarmed Combat
 + Level 3.2 Spellcasting
 + Level 3.3 Transmutations


You had 5 spell levels left.
You knew the following spells:

 Your Spells              Type           Power        Failure   Level  Hunger
a - Beastly Appendage     Tmut           ##....       5%          1    #......
b - Sticks to Snakes      Tmut           ##......     9%          2    ##.....
c - Spider Form           Tmut/Pois      #.........   32%         3    ###....


Dungeon Overview and Level Annotations

Branches:
Dungeon (4/15)
 Temple: D:4-7

Altars:
Wu Jian
Yredelemnul

Annotations:
D:4 exclusion: orc wizard, kae's ghost, novice OpTm


Innate Abilities, Weirdness & Mutations

You cannot wear most types of armour.
You are very stealthy in the water. (Stealth+)
You are amphibious.
You can wear up to eight rings at the same time.
You can use your tentacles to constrict eight enemies at once.
Your skin changes colour to match your surroundings (Stealth+).
Your rubbery body absorbs attacks. (AC +1, EV +1)
One of your tentacles bears a spike.
Your system is resistant to poisons. (rPois)
Your muscles are strong. (Str +2)


Message History

The orc wizard hits you with a dagger.
* * * LOW HITPOINT WARNING * * *
The orc barely misses you. The orc wizard misses you.
It was a potion of mutation.
You feel extremely strange.
One of your lower tentacles grows a sharp spike.
You feel resistant to poisons.
You feel stronger. The orc closely misses you.
The orc wizard gestures wildly while chanting.
The orc wizard seems to speed up.
Okay, then.
You aren't carrying any items that you can evoke.
Unknown command.
As you read the scroll labeled MEMETS KUTIDGH, it crumbles to dust.
You feel strangely unstable.
It was a scroll of teleportation.
The orc wizard barely misses you. The orc completely misses you.
The orc wizard closely misses you.
Okay, then.
The orc wizard gestures at you while chanting.
The magic dart hits you!
You die...

#....### #.# #.# #......##### #.#
#.# ###....#...# #.# #.# ##
#....#...###.# #.#
.#######....#.....#.# #.#
............#.###.#.# #.#
.#######.####.###.#.###########.#
.............oo.o.#......<......#
.########.###.##@...............#
...# ####..##.##.####..#######.##
...# #...........# #..# #.# ...#
#......#.#### #..# #.# ####
#......#.# #..# #.# # #........#
#..# #.# # #.....#..# #..# #.# #
#####.#..#######..# #.# #
######.#...........# #.#


You could see an orc wizard and 2 orcs.

Vanquished Creatures
  An ogre (D:4)
  A scorpion (D:4)
  3 hounds
  4 gnolls (D:2)
  7 adders
  An ooze (D:4)
  2 worms (D:3)
  3 dart slugs (D:2)
  2 leopard geckos
  An orc (D:4)
  5 bats
  3 giant cockroaches
  4 goblins
  5 hobgoblins
  4 jackals (D:1)
  A quokka (D:3)
  2 ball pythons (D:1)
  7 frilled lizards
  4 kobolds
  10 rats
70 creatures vanquished.

Notes
Turn   | Place    | Note
-------+----------+-------------------------------------------
     0 | D:1      | kae the Octopode Transmuter began the quest for the Orb.
     0 | D:1      | Reached XP level 1. HP: 13/13 MP: 3/3
   183 | D:1      | Reached XP level 2. HP: 17/18 MP: 5/5
   809 | D:1      | Reached XP level 3. HP: 23/23 MP: 4/6
  1028 | D:2      | Reached XP level 4. HP: 13/28 MP: 7/7
  1922 | D:2      | Found a basalt altar of Yredelemnul.
  2268 | D:3      | Reached skill level 4 in Unarmed Combat
  2293 | D:3      | Learned a level 2 spell: Sticks to Snakes
  2297 | D:3      | Learned a level 3 spell: Spider Form
  2610 | D:3      | Reached XP level 5. HP: 33/34 MP: 6/8
  3174 | D:4      | Noticed kae's ghost (novice OpTm)
  3476 | D:4      | Found an ornate altar of the Wu Jian Council.
  3513 | D:4      | Noticed an ogre
  3557 | D:4      | Killed an ogre
  3557 | D:4      | Reached XP level 6. HP: 41/41 MP: 2/10
  4027 | D:3      | HP: 1/41 [orc/flail (7)]
  4029 | D:3      | Gained mutation: One of your tentacles bears a spike. [potion of mutation]
  4029 | D:3      | Gained mutation: Your system is resistant to poisons. (rPois) [potion of mutation]
  4029 | D:3      | Gained mutation: Your muscles are strong. (Str +2) [potion of mutation]
  4031 | D:3      | Killed from afar by an orc wizard

Skill      XL: |  1  2  3  4  5 |
---------------+----------------+-----
Unarmed Combat | 4 |  4.9
Fighting       | 2 |  2.7
Dodging        | 3 |  3.2
Spellcasting   | 3 |  3.2
Transmutations | 3 |  3.3

Action                   |  1- 3 |  4- 6 || total
-------------------------+-------+-------++-------
Melee: Unarmed           |     8 |     5 ||    13
       Hand axe          |    46 |    86 ||   132
       Constrict         |    11 |    25 ||    36
       Tentacles         |     7 |    15 ||    22
       Kick              |     1 |     4 ||     5
 Cast: Beastly Appendage |    10 |    12 ||    22
       Sticks to Snakes  |       |     3 ||     3
       Spider Form       |       |     2 ||     2
  Use: Scroll            |     4 |     1 ||     5
       Potion            |     1 |     6 ||     7
 Stab: Sleeping          |     7 |     7 ||    14
       Distracted        |       |     1 ||     1
  Eat: Chunk             |       |     4 ||     4
       Ration            |       |     2 ||     2
Armor: Skin              |     2 |     9 ||    11
Dodge: Dodged            |    33 |    68 ||   101
